 Dungeon Crawl Stone Soup version 0.26-a0-610-g3e9335bbc7 (webtiles) character file.

Game seed: 15897706264716449775

773431 Hores the Metallomancer (level 27, -16/187 HPs)
             Began as a Gargoyle Earth Elementalist on Sept 2, 2020.
             Was the Champion of Vehumet.
             Demolished by Goikhani the pandemonium lord (65 damage)
             ... on level 19 of a ziggurat on Sept 4, 2020.
             The game lasted 05:24:45 (75860 turns).

Hores the Metallomancer (GrEE)                     Turns: 75860, Time: 05:24:46

Health: -16/187    AC: 42    Str: 23    XL:     27
Magic:  45/72      EV: 21    Int: 43    God:    Vehumet [******]
Gold:   12039      SH:  0    Dex: 13    Spells: 9/63 levels left

rFire    + + +     SeeInvis .   Q - +7 quarterstaff of Ylothruu {vorpal, rPois MP+9 Str+4 Stlth+}
rCold    x . .     Faith    .   (shield currently unavailable)
rNeg     + + +     Spirit   .   C - +4 robe of Augmentation {Str+4 Int+4 Dex+4}
rPois    ∞         Reflect  .   K - +1 helmet of Tulips {rElec MP+9 Str+3 Dex-5}
rElec    +         Harm     .   j - +2 cloak of Gallantry {Rampage MP+9}
rCorr    .         Rnd*Rage +   N - +2 pair of gloves "Seuc" {Dex+4}
MR       ++...                  F - +0 pair of boots "Tedinnyr" {Regen+ Int+4}
Stlth    ++........             y - amulet of magic regeneration
HPRegen  0.81/turn              s - +6 ring of intelligence
MPRegen  0.68/turn              h - ring "Joluwop" {rF+++ rC- rN++ Stlth-}

@: flying, hasted and slowed, studying Hexes, silenced
A: big wings, icy blue scales 1, rugged brown scales 1, yellow scales 1, berserk
2, negative energy resistance 1, screaming 1, electricity resistance,
unbreathing, petrification resistance, rot immunity, AC +20
}: 5/15 runes: decaying, serpentine, slimy, silver, abyssal
a: Stop Flying, Renounce Religion


You were on level 19 of a ziggurat.
You worshipped Vehumet.
Vehumet was exalted by your worship.
You visited 11 branches of the dungeon, and saw 53 of its levels.
You visited the Abyss 1 time.
You visited 1 bazaar.
You visited 1 ziggurat, and saw 19 of its levels.
You also visited: Gauntlet and Desolation.

You collected 16130 gold pieces.
You spent 4091 gold pieces at shops.

Inventory:

Hand Weapons
 b - a +9 demon whip of electrocution
 k - the +7 morningstar of Debt {drain, rPois SInv Stlth+}
   (You found it on level 16 of a ziggurat)

   A truly terrible weapon, it drains the life of those it strikes.
   It protects you from poison.
   It lets you see invisible.
   It makes you more stealthy.
 l - a +9 vampiric eveningstar
 Q - the +7 quarterstaff of Ylothruu (weapon) {vorpal, rPois MP+9 Str+4 Stlth+}
   (You found it on level 12 of the Dungeon)

   It inflicts extra damage upon your enemies.
   It affects your strength (+4).
   It protects you from poison.
   It affects your magic capacity (+9).
   It makes you more stealthy.
 T - a +7 vorpal demon whip
Missiles
 A - 4 throwing nets (quivered)
Armour
 j - the +2 cloak of Gallantry (worn) {Rampage MP+9}
   (You bought it in a shop on level 5 of the Dungeon)

   It affects your magic capacity (+9).
   It bestows one free step when moving towards enemies.
 n - the +0 pair of boots "Roilit" {*Corrode rN+ Str+3 SInv}
   (You acquired it on level 4 of the Swamp)

   It affects your strength (+3).
   It protects you from negative energy.
   It lets you see invisible.
   It may corrode you when you take damage.
 C - the +4 robe of Augmentation (worn) {Str+4 Int+4 Dex+4}
   (You found it on level 7 of the Dungeon)

   It affects your strength (+4).
   It affects your intelligence (+4).
   It affects your dexterity (+4).
 F - the +0 pair of boots "Tedinnyr" (worn) {Regen+ Int+4}
   (You found it on level 15 of a ziggurat)

   It affects your intelligence (+4).
   It increases your rate of regeneration.
 K - the +1 helmet of Tulips (worn) {rElec MP+9 Str+3 Dex-5}
   (You found it on level 11 of the Dungeon)

   It affects your strength (+3).
   It affects your dexterity (-5).
   It insulates you from electricity.
   It affects your magic capacity (+9).
 N - the +2 pair of gloves "Seuc" (worn) {Dex+4}
   (You acquired it on level 1 of the Elven Halls)

   It affects your dexterity (+4).
 W - a +0 robe of the Archmagi
Jewellery
 a - an uncursed ring of wizardry
 h - the ring "Joluwop" (right hand) {rF+++ rC- rN++ Stlth-}
   (You found it on level 3 of the Elven Halls)

   [ring of attention]

   It renders you almost immune to fire.
   It makes you vulnerable to cold.
   It greatly protects you from negative energy.
   It makes you less stealthy.
 s - a +6 ring of intelligence (left hand)
 w - a +4 ring of protection
 y - an amulet of magic regeneration (around neck)
 D - an uncursed ring of resist corrosion
Wands
 B - a wand of disintegration (31)
 L - a wand of acid (51)
 U - a wand of iceblast (98)
Scrolls
 d - 12 scrolls of amnesia
 e - 6 scrolls of enchant armour
 g - 5 scrolls of magic mapping
 q - 36 scrolls of remove curse
 t - 14 scrolls of fog
 u - 28 scrolls of teleportation
 z - 3 scrolls of fear
 H - 3 scrolls of holy word
 R - 23 scrolls of identify
 V - a scroll of blinking
 Y - 3 scrolls of summoning
Potions
 c - 7 potions of berserk rage
 f - 3 potions of brilliance
 i - 6 potions of invisibility
 m - 6 potions of curing
 o - 3 potions of cancellation
 p - 8 potions of stabbing
 r - 3 potions of ambrosia
 E - 4 potions of magic
 G - 15 potions of mutation
 J - 6 potions of resistance
 O - 10 potions of haste
 S - 13 potions of might
Books
 P - a manual of Hexes
Miscellaneous
 v - a condenser vane (1/2)
 x - a phantom mirror
 I - a tin of tremorstones (3/3)
 M - a box of beasts (3/3)
 X - a lightning rod (4/4)


   Skills:
 + Level 21.1 Fighting
 - Level 16.0 Maces & Flails
 - Level 6.0 Armour
 - Level 15.0 Dodging
 - Level 2.1 Stealth
 + Level 18.9 Spellcasting
 + Level 21.7 Conjurations
 + Level 12.1 Necromancy
 - Level 10.0 Transmutations
 - Level 22.0 Fire Magic
 - Level 22.0 Earth Magic
 - Level 10.0 Evocations


You had 9 spell levels left.
You knew the following spells:

 Your Spells              Type           Power        Failure   Level
a - Shatter               Erth           ########..   1%          9
b - Stone Arrow           Conj/Erth      ######       0%          3
c - Lee's Rapid Deconstr  Erth           ########..   0%          5
d - Iron Shot             Conj/Erth      ########..   0%          6
e - Starburst             Conj/Fire      ########..   0%          6
f - Fire Storm            Conj/Fire      ########..   2%          9
g - Ignition              Fire           ########..   1%          8
h - Necromutation         Tmut/Necr      #######...   38%         8

Your spell library contained the following spells:

 Spells                   Type           Power        Failure   Level
 Lehudib's Crystal Spear  Conj/Erth      ########..   1%          8
 Chain Lightning          Conj/Air       #######...   12%         8
 Beastly Appendage        Tmut           ######       0%          1
 Foxfire                  Conj/Fire      ####         0%          1
 Magic Dart               Conj           ####         0%          1
 Sandblast                Erth           ######       0%          1
 Shock                    Conj/Air       ####         0%          1
 Passwall                 Tmut/Erth      ########     0%          2
 Searing Ray              Conj           ######       0%          2
 Wereblood                Tmut           #######.     0%          2
 Conjure Flame            Conj/Fire      ########     0%          3
 Dazzling Flash           Conj/Hex       ######       0%          3
 Ignite Poison            Fire/Tmut/Pois #######.     0%          3
 Inner Flame              Hex/Fire       #######.     0%          3
 Static Discharge         Conj/Air       #######.     0%          3
 Petrify                  Tmut/Erth      ########     0%          4
 Sticky Flame             Conj/Fire      ########     0%          4
 Bolt of Magma            Conj/Fire/Erth ########..   0%          5
 Borgnjor's Vile Clutch   Necr/Erth      ########..   0%          5
 Fireball                 Conj/Fire      ########..   0%          5
 Iskenderun's Battlesphe  Conj           ########     0%          5
 Apportation              Tloc           #####.       1%          1
 Corona                   Hex            #####..      1%          1
 Sting                    Tmut/Pois      ####         1%          1
 Summon Small Mammal      Summ           ####         1%          1
 Blink                    Tloc           N/A          1%          2
 Call Imp                 Summ           #####...     1%          2
 Corpse Rot               Necr/Air       N/A          1%          2
 Ensorcelled Hibernation  Hex/Ice        #####.       1%          2
 Poisonous Vapours        Pois/Air       #####.       1%          2
 Slow                     Hex            #####...     1%          2
 Swiftness                Air            #####...     1%          2
 Call Canine Familiar     Summ           #####...     1%          3
 Confusing Touch          Hex            #####...     1%          3
 Gell's Gravitas          Tloc           #####.....   1%          3
 Lesser Beckoning         Tloc           #####.....   1%          3
 Mephitic Cloud           Conj/Pois/Air  #######.     1%          3
 Ozocubu's Armour         Ice            #####...     1%          3
 Portal Projectile        Hex/Tloc       #####.       1%          3
 Spider Form              Tmut/Pois      ######....   1%          3
 Summon Guardian Golem    Hex/Summ       #####...     1%          3
 Teleport Other           Tloc           #####...     1%          3
 Airstrike                Air            #####.....   1%          4
 Dispel Undead            Necr           #######.     1%          4
 Fulminant Prism          Conj/Hex       #######...   1%          4
 Ice Form                 Ice/Tmut       ######..     1%          4
 Iskenderun's Mystic Bla  Conj/Tloc      #######.     1%          4
 Leda's Liquefaction      Hex/Erth       #######...   1%          4
 Olgreb's Toxic Radiance  Pois           #####...     1%          4
 Agony                    Necr           #######.     1%          5
 Alistair's Intoxication  Tmut/Pois      ######...    1%          5
 Blade Hands              Tmut           #######...   1%          5
 Excruciating Wounds      Necr           #######...   1%          5
 Lightning Bolt           Conj/Air       #######...   1%          5
 Yara's Violent Unravell  Hex/Tmut       ######....   1%          5
 Conjure Ball Lightning   Conj/Air       #######...   1%          6
 Freezing Cloud           Conj/Ice/Air   #######...   1%          6
 Hydra Form               Tmut           #######...   1%          6
 Orb of Destruction       Conj           ########..   1%          7
 Spellforged Servitor     Conj/Summ      #######...   1%          7
 Cause Fear               Hex            #####.....   6%          4
 Passage of Golubria      Tloc           N/A          6%          4
 Summon Ice Beast         Ice/Summ       #####...     6%          4
 Summon Lightning Spire   Summ/Air       #####...     6%          4
 Simulacrum               Ice/Necr       #######...   8%          6
 Dragon Form              Tmut           #######...   9%          7
 Eringya's Noxious Bog    Tmut/Pois      ######....   12%         6
 Metabolic Englaciation   Hex/Ice        #####.....   16%         5
 Silence                  Hex/Air        #####.....   16%         5
 Summon Forest            Summ/Tloc      #####.....   16%         5
 Ozocubu's Refrigeration  Ice            #####.....   22%         6
 Borgnjor's Revivificati  Necr           #######...   26%         8
 Infestation              Necr           #######...   26%         8
 Haunt                    Necr/Summ      #######...   38%         7
 Dispersal                Tloc           #####.....   65%         6
 Invisibility             Hex            #####...     65%         6
 Shadow Creatures         Summ           N/A          65%         6
 Malign Gateway           Summ/Tloc      #####.....   99%         7
 Monstrous Menagerie      Summ           #####.....   99%         7
 Summon Greater Demon     Summ           #####.....   99%         7
 Summon Hydra             Summ           #####.....   99%         7
 Death's Door             Necr           #######...   99%         9
 Discord                  Hex            #####.....   100%        8
 Disjunction              Tloc           #####.....   100%        8
 Summon Horrible Things   Summ           #####.....   100%        8
 Absolute Zero            Ice            #####.....   100%        9
 Dragon's Call            Summ           #####.....   100%        9
 Sublimation of Blood     Necr           Unusable     N/A         2
 Statue Form              Tmut/Erth      Unusable     N/A         6

Dungeon Overview and Level Annotations

Branches:
Dungeon (15/15)            Temple (1/1) D:7            Lair (6/6) D:10
  Swamp (4/4) Lair:2        Snake (4/4) Lair:2        Slime (5/5) Lair:6
    Orc (2/2) D:12            Elf (3/3) Orc:2        Vaults (5/5) D:14
  Crypt (3/3) Vaults:2       Tomb (0/3) Crypt:3      Depths (5/5) D:15
    Zot (0/5) Depths:5    Desolation (visited)      Gauntlet (visited)

Altars:
Ashenzari
Dithmenos
Elyvilon
Kikubaaqudgha
Nemelex Xobeh
Vehumet
Xom
The Shining One
Beogh
Jiyva

Shops:
D:5 ?![![   D:8 [   D:14 *   Orc:2 =*!(=:*=}[   Elf:1 =   Vaults:1 (*([
Vaults:2 [

Portals:
Hell: Depths:1 Depths:2 Depths:3 Depths:4 Depths:5
Abyss: Depths:3 Depths:4
Pandemonium: Depths:1 Depths:3 Depths:4 Depths:5

Annotations:
D:6 3 runed translucent doors, anet's ghost, novice GnNe
D:10 2 transporters
Elf:2 6 runed translucent doors, Richi's ghost, journeyman HOFi


Innate Abilities, Weirdness & Mutations

You are resistant to torment.
Your stone body is resilient. (AC +20)
You are immune to poison.
Your large and strong wings let you fly indefinitely.
You resist negative energy. (rN+)
You are resistant to electric shocks. (rElec)
You can survive without breathing.
You are immune to petrification.
You are immune to rotting.
You are partially covered in icy blue scales. (AC +2)
You are partially covered in rugged brown scales. (AC +1, +3% HP)
You are partially covered in yellow scales. (AC +2)
You often lose your temper in combat.
You occasionally shout uncontrollably at your foes.


Message History

Unknown command.
Tosathroridd gestures at your fire vortex.
The crystal spear hits your fire vortex!!!!
Your fire vortex dissipates!
The Killer Klown is engulfed in seething chaos.
Guycsec is engulfed in seething chaos.
Guycsec engulfs you!!
* * * LOW HITPOINT WARNING * * *
Goikhani is struck by lightning.
Kofytwua gestures at you.
The great orb of eyes blinks!
The shining eye blinks!
The eye of draining blinks!
Gueloel blinks into view!
Dezytt blinks!
The wraith blinks!
The purple ugly thing is engulfed in poison gas.
The purple ugly thing looks even sicker.
The great orb of eyes bites you but does no damage.
The shining eye is struck by lightning.
The apocalypse crab is engulfed in poison gas.
The apocalypse crab looks even sicker.
Gueloel is struck by lightning.
Gueloel misses you. Goikhani hits you!!!
You die...

▓▓...........▓▓
▓▓.............▓▓
▓▓....§.....§§§..▓▓
▓▓.....§.§..G§§§..[▓
▓▓.........§t§§§§.§|)
▓▓.......§§§§§u§§§.°4|
▓▓.......§§§.§§§&§G.&u§
▓.∩.....W§&Gp&§§.4§§[&&
▓▓.......G@&&&G§J§..=&○
▓▓......&&G§&§§§t§.)°)
▓▓.........☼§§§§..}[$
▓▓........§W§§§§§.)▓
▓▓.......§W§§....▓▓
▓▓......§§§§...▓▓
▓▓......§§§..▓▓
▓▓▓▓▓▓▓▓▓▓▓


You could see Dezytt (clouds), Goikhani (fast, strong), Gueloel (corroded),
Guycsec (fast, clouds), Kofytwua, Ohes, Okhlios, Tosathroridd (fast), Vaklaud
(silencing), a Killer Klown (poisoned), an azure jelly, 2 great orbs of eyes, a
purple ugly thing (very poisoned, corroded), a shining eye (summoned), 2
apocalypse crabs, a freezing wraith (summoned, unaware), an eye of draining
(summoned), a phantom (summoned), a chaos spawn (poisoned, corroded), a wraith
(summoned) and a floating eye (summoned, poisoned).

Vanquished Creatures
  the Royal Jelly (Slime:5)
  Dissolution (Slime:4)
  4 pandemonium lords
  4 ancient liches
  7 juggernauts
  Boris (twice) (Crypt:1 Depths:4)
  A greater mummy (Depths:4)
  5 Killer Klowns (Zig:11)
  Frederick (Depths:3)
  the Lernaean hydra (Swamp:4)
  Xtahua (Vaults:2)
  5 golden dragons
  Jory (Vaults:2)
  2 bone dragons
  11 liches
  2 Tzitzimimeh (Zig:16)
  3 Brimstone Fiends (Zig:16)
  2 electric golems (Zig:4)
  Jorgrun (Elf:1)
  11 tentacled monstrosities
  2 Hell Sentinels (Zig:16)
  5 deep elf master archers
  2 titans
  2 deep elf blademasters (Elf:3)
  Asterion (Depths:1)
  4 ancient champions
  2 quicksilver dragons
  2 Executioners (Abyss:4)
  Kirke (Snake:2)
  19 acid blobs
  12 storm dragons
  3 thorn hunters
  The ghost of Zail the Covert, an adept HuAr of Trog (Swamp:2)
  10 sphinxes
  5 draconian monks
  6 tentacled starspawn
  10 tengu reavers
  A shadow dragon (shapeshifter) (Depths:5)
  14 azure jellies
  14 nagarajas
  3 shadow dragons
  Roxanne (Snake:4)
  A revenant (Crypt:1)
  A daeva (Abyss:4)
  5 frost giants
  Donald (Orc:2)
  The ghost of MrRokkomies the Nimble, an adept FeIE of Gozag (Vaults:2)
  8 fire giants
  Aizul (Swamp:4)
  7 deep elf sorcerers
  3 draconian scorchers (Zig:15)
  An imperial myrmidon (Desolation)
  3 draconian knights (Zig:15)
  Louise (Elf:3)
  2 balrugs (Zig:16)
  A warmonger (Zig:16)
  18 vault wardens
  4 orc warlords (Zig:17)
  4 iron dragons (Vaults:5)
  6 deep elf elementalists
  5 cacodemons
  An emperor scorpion (Zig:14)
  A curse skull (Crypt:2)
  3 draconian stormcallers (Zig:15)
  3 ghost moths
  2 reapers
  7 war gargoyles
  A spriggan defender (Depths:4)
  A stone giant (shapeshifter) (Zig:19)
  3 draconian annihilators
  20 ironheart preservers
  3 blood saints (Zig:16)
  4 draconian shifters
  5 ghouls
  The ghost of Beaer the Peltast, a journeyman GrFi of Okawaru (Swamp:4)
  A black draconian (Zig:15)
  7 entropy weavers
  8 vampire knights
  18 stone giants
  17 very ugly things
  21 starcursed masses
  An ophan (Abyss:3)
  10 deep elf demonologists
  2 dire elephants (Zig:12)
  2 black suns (Zig:16)
  8 spark wasps
  3 green draconians
  2 red draconians (Zig:15)
  A lorocyproca (Abyss:1)
  Azrael (Elf:1)
  A minotaur (Gauntlet)
  5 yellow draconians
  12 deep elf annihilators
  3 halazid warlocks (Desolation)
  The ghost of nj0rd12 the Geomancer, a journeyman GrEE of Vehumet (Lair:6)
  An eidolon (Crypt:1)
  6 merfolk javelineers
  13 ettins
  2 quicksilver dragon zombies
  11 deep elf death magi
  Snorg (Lair:4)
  A blizzard demon (Zig:16)
  7 crystal guardians
  3 green deaths
  11 fire dragons
  A merfolk impaler (Depths:1)
  11 great orbs of eyes
  6 ragged hierophants (Desolation)
  9 death oozes
  3 jiangshi (Crypt:1)
  8 deep elf high priests
  Harold (D:7)
  22 yaktaur captains
  29 hydras
  An ice dragon (shapeshifter) (Zig:18)
  12 naga warriors
  3 peacekeepers (Desolation)
  5 servants of whispers (Desolation)
  7 spriggan air magi
  10 ice dragons
  2 alligator snapping turtles
  6 shambling mangroves
  31 vault guards
  2 anacondas (shapeshifter)
  3 hell beasts
  6 rakshasas
  3 ghost crabs
  18 anacondas
  21 alligators
  A catoblepas (Lair:2)
  4 merfolk aquamancers (Zig:8)
  9 death knights
  Erica (Orc:1)
  8 deep troll shamans
  51 two-headed ogres
  9 centaur warriors
  A death yak (Zig:12)
  A satyr (shapeshifter) (Vaults:5)
  A queen ant (Lair:5)
  A hell hog (Abyss:4)
  10 naga sharpshooters
  8 deep troll earth magi
  A death yak (shapeshifter) (Depths:3)
  20 ogre magi
  23 dancing weapons
  8 shock serpents
  3 vampire magi
  5 spriggan berserkers
  11 orc high priests
  14 thrashing horrors
  6 tengu warriors
  17 hell knights
  Nergalle (Lair:1)
  22 deep elf knights
  Urug (D:13)
  A titan skeleton (Crypt:2)
  Sonja (Orc:1)
  3 soul eaters
  9 wretched stars
  2 shadow wraiths
  A death drake (shapeshifter) (Depths:4)
  8 iron trolls
  19 skeletal warriors
  4 spatial maelstroms
  3 golden dragon zombies
  3 salamander mystics
  7 sixfirhies
  4 unseen horrors
  2 anaconda zombies (Crypt:2)
  4 orange crystal statues
  A spark wasp zombie (Depths:4)
  3 death drakes
  2 shadow demons
  8 spriggan druids
  11 naga ritualists
  12 swamp dragons
  10 glowing orange brains
  2 obsidian statues
  20 deep trolls
  11 sea snakes (Snake:4)
  6 flayed ghosts
  A torturous demonspawn (Zig:16)
  A tengu zombie (Depths:4)
  19 deep elf archers
  2 wizards
  11 harpies
  17 necromancers
  28 ironbrand convokers
  An anaconda skeleton (Abyss:4)
  2 harpies (shapeshifter)
  2 orb spiders
  An orb spider (shapeshifter) (D:15)
  A mana viper (shapeshifter) (Zig:18)
  A golden dragon skeleton (Crypt:3)
  21 orc knights
  A wolf spider (shapeshifter) (Zig:19)
  A lindwurm (Lair:6)
  2 wolf spider zombies
  10 mana vipers
  An iron dragon zombie (Depths:4)
  A salamander (shapeshifter) (Zig:9)
  13 phantasmal warriors
  7 manticores
  A stone giant zombie (Vaults:3)
  5 orc sorcerers
  A shadow dragon skeleton (Crypt:3)
  13 wolf spiders
  A fire giant zombie (Depths:3)
  14 salamanders
  2 frost giant zombies
  78 deep elf magi
  53 ugly things
  A moth of wrath (shapeshifter) (Zig:19)
  5 oklob plants
  7 cyclopes
  3 worldbinders
  8 moths of wrath
  6 shining eyes
  3 black mambas (shapeshifter)
  2 merfolk sirens (Zig:8)
  2 fire giant skeletons
  A stone giant skeleton (Crypt:1)
  18 vault sentinels
  Maurice (D:13)
  16 naga magi
  2 rust devils
  11 elephants
  A water nymph (shapeshifter) (Zig:19)
  A titan simulacrum (Crypt:2)
  51 black mambas
  3 ice statues
  2 eyes of devastation
  2 eyes of devastation (shapeshifter)
  3 molten gargoyles (Lair:6)
  A gargoyle (D:15)
  20 cane toads
  7 guardian serpents
  A guardian serpent (shapeshifter) (Depths:2)
  4 apocalypse crabs
  2 orange demons
  A cane toad (shapeshifter) (Depths:2)
  11 smoke demons
  13 freezing wraiths
  5 torpor snails
  2 hellions
  A komodo dragon (shapeshifter) (Vaults:3)
  2 efreet (D:14)
  A spriggan skeleton (Depths:3)
  A black draconian zombie (Crypt:1)
  3 kobold demonologists
  A purple draconian zombie (Crypt:1)
  7 rime drakes
  72 yaktaurs
  A yaktaur zombie (D:15)
  6 demonic crawlers
  3 centaur skeletons
  19 komodo dragons
  3 spriggan zombies (D:15)
  A redback zombie (Crypt:1)
  2 hydra zombies
  2 ice devils
  2 white draconian skeletons (Crypt:1)
  A ghost moth simulacrum (Crypt:2)
  A hellwing (Abyss:3)
  8 ancient zymes
  3 catoblepas skeletons (Abyss:3)
  3 guardian mummies (Depths:4)
  9 tengu conjurers
  A red devil (Depths:2)
  2 merfolk (Zig:8)
  A troll (shapeshifter) (Depths:2)
  4 jumping spiders
  2 jumping spiders (shapeshifter)
  4 polar bears
  5 meliai
  A queen bee (Lair:6)
  12 tyrant leeches
  A wind drake (shapeshifter) (Depths:2)
  Grinder (D:6)
  16 trolls
  30 hornets
  32 saltlings (Desolation)
  A dream sheep (shapeshifter) (Zig:18)
  130 slime creatures
  A sphinx simulacrum (Vaults:1)
  27 blink frogs
  16 raiju
  2 fire dragon zombies (Crypt:3)
  A stone giant simulacrum (Depths:3)
  19 hippogriffs
  21 bog bodies
  2 human simulacra
  An ice dragon zombie (Crypt:3)
  43 flying skulls
  10 redbacks
  4 shadows
  A centaur simulacrum (D:14)
  7 air elementals
  3 ettin skeletons
  6 tarantellas (Zig:13)
  An elf zombie (Depths:4)
  7 ynoxinuls
  12 spriggans
  2 hogs (Snake:2)
  A fire bat (Zig:7)
  44 yaks
  7 water elementals
  12 wyverns
  A hog (shapeshifter) (Zig:3)
  11 wraiths
  Eustachio (D:6)
  5 basilisks
  A yaktaur simulacrum (Vaults:3)
  2 fire elementals
  36 large abominations
  11 golden eyes
  A basilisk (shapeshifter) (Depths:4)
  3 steam dragons
  12 chaos spawn
  Menkaure (D:5)
  10 neqoxecs
  22 vampire mosquitoes
  A wind drake skeleton (Crypt:2)
  4 insubstantial wisps
  46 nagas
  2 hydra simulacra (Swamp:4)
  15 wargs
  25 soldier ants (Lair:5)
  15 acid dragons
  20 swamp worms
  9 spatial vortices
  A cane toad zombie (Crypt:3)
  2 floating eyes
  13 hell hounds
  3 floating eyes (shapeshifter)
  16 water moccasins
  2 cane toad skeletons
  9 porcupines
  2 ice beasts
  18 swamp drakes
  An ice beast (shapeshifter) (Zig:18)
  52 orc warriors
  7 eyes of draining
  7 sky beasts
  3 black bears
  A snapping turtle zombie (Crypt:3)
  An alligator simulacrum (Swamp:4)
  9 necrophages
  3 phantoms
  48 ogres
  12 wolves
  12 centaurs
  A snapping turtle skeleton (Crypt:3)
  4 boggarts (Depths:2)
  20 crocodiles
  A torpor snail zombie (Crypt:1)
  A tyrant leech simulacrum (Swamp:4)
  4 big kobolds
  Blork the orc (D:6)
  23 bullfrogs
  A hippogriff zombie (Crypt:2)
  3 earth elementals
  2 gnoll sergeants
  30 small abominations
  A yaktaur skeleton (Crypt:2)
  A hornet simulacrum (Swamp:4)
  4 scorpions
  An elf simulacrum (Vaults:3)
  29 killer bees
  19 wights
  3 howler monkeys
  4 electric eels
  A crimson imp (Depths:2)
  2 bullfrog zombies
  5 lava snakes (Lair:6)
  3 centaur zombies
  6 quasits
  4 jellies
  36 orc priests
  31 orc wizards
  A gnoll shaman (D:9)
  7 hounds
  A demonspawn skeleton (Crypt:2)
  An iron imp (Abyss:3)
  2 bullfrog skeletons
  An iguana (shapeshifter) (Vaults:3)
  2 polar bear simulacra (D:14)
  26 worker ants
  5 wolf simulacra (D:14)
  2 yak simulacra (D:14)
  A killer bee zombie (D:10)
  7 mummies (Depths:4)
  2 worker ant zombies
  10 gnolls
  A howler monkey skeleton (D:9)
  A steam dragon zombie (Crypt:2)
  4 adders
  4 shadow imps
  6 white imps
  5 ufetubi
  2 oozes
  2 adder skeletons
  6 worms
  2 dart slugs
  6 leopard geckos
  109 orcs
  2 ball pythons
  10 bats
  6 giant cockroaches
  9 goblins
  11 hobgoblins
  20 jackals
  5 quokkas
  8 frilled lizards
  A jackal zombie (D:9)
  17 kobolds
  A leopard gecko zombie (D:6)
  6 rats
  A rat skeleton (Crypt:2)
  2 river rat simulacra (D:14)
  20 fire vortices
  2 lurking horrors
  4 macabre masses (Abyss:4)
  4 pillars of salt (Elf:2)
  11 starspawn tentacles
3354 creatures vanquished.

Vanquished Creatures (collateral kills)
  An acid blob (Slime:5)
  An azure jelly (Slime:5)
  A storm dragon (Zig:2)
  A deep elf annihilator (Zig:3)
  A wretched star (Abyss:4)
  A slime creature (Slime:5)
  2 water elementals (Depths:5)
  A yak (D:10)
  2 spatial vortices (Abyss:3)
  A floating eye (Depths:1)
12 creatures vanquished.

Vanquished Creatures (others)
  An ancient zyme (Abyss:4)
  A saltling (Desolation)
  A water elemental (Depths:2)
  3 humans (Snake:2)
  A neqoxec (Abyss:3)
  A spatial vortex (Abyss:4)
  An ogre (Vaults:1)
  A small abomination (Abyss:3)
  2 bushes
  2 demonic plants (Abyss:3)
  98 fire vortices
  28 fungi
  2 pillars of salt (Elf:2)
  58 plants
  9 starspawn tentacles
  6 withered plants (D:15)
215 creatures vanquished.

Grand Total: 3581 creatures vanquished

Notes
Turn   | Place    | Note
-------+----------+-------------------------------------------
     0 | D:1      | Hores the Gargoyle Earth Elementalist began the quest for
                  | the Orb.
     0 | D:1      | Reached XP level 1. HP: 10/10 MP: 3/3
   315 | D:1      | Reached XP level 2. HP: 15/15 MP: 5/5
   850 | D:1      | Reached XP level 3. HP: 19/19 MP: 6/6
   855 | D:1      | Learned a level 3 spell: Stone Arrow
  1565 | D:2      | Reached skill level 1 in Conjurations
  1737 | D:2      | Reached XP level 4. HP: 24/24 MP: 5/8
  2324 | D:3      | Found an ancient bone altar of Kikubaaqudgha.
  2517 | D:3      | Reached skill level 5 in Earth Magic
  2542 | D:3      | Reached XP level 5. HP: 12/28 MP: 7/9
  2758 | D:3      | Noticed an ogre
  2767 | D:3      | Killed an ogre
  3069 | D:3      | Reached XP level 6. HP: 28/32 MP: 11/11
  3227 | D:3      | Learned a level 5 spell: Lee's Rapid Deconstruction
  3428 | D:4      | Noticed a phantom
  3435 | D:4      | Killed a phantom
  3753 | D:4      | Reached XP level 7. HP: 35/36 MP: 8/13
  4043 | D:5      | Entered Level 5 of the Dungeon
  4100 | D:5      | Found Ugrios's Armour Boutique.
  4205 | D:5      | Found Zuchyph's Distillery.
  4211 | D:5      | Bought a potion of curing for 30 gold pieces
  4211 | D:5      | Noticed Menkaure
  4215 | D:5      | Killed Menkaure
  4217 | D:5      | Reached skill level 5 in Spellcasting
  4218 | D:5      | Reached skill level 5 in Conjurations
  4218 | D:5      | Reached XP level 8. HP: 26/41 MP: 7/15
  4219 | D:5      | Found Taosoine's Magic Scroll Shoppe.
  4333 | D:5      | Bought a scroll of identify for 28 gold pieces
  4333 | D:5      | Bought a scroll of identify for 28 gold pieces
  4757 | D:5      | Found Rusanute's Armour Emporium.
  4773 | D:5      | Found Bimym's Distillery.
  4776 | D:5      | Bought a potion of heal wounds for 60 gold pieces
  4776 | D:5      | Bought a potion of curing for 36 gold pieces
  4776 | D:5      | Bought a potion of curing for 36 gold pieces
  4949 | D:6      | Found a runed translucent gate.
  4949 | D:6      | Found a runed translucent gate.
  4949 | D:6      | Found a runed translucent gate.
  5054 | D:6      | Noticed Blork the orc
  5059 | D:6      | Noticed Eustachio
  5064 | D:6      | Killed Blork the orc
  5485 | D:6      | Noticed anet's ghost (novice GnNe)
  5698 | D:6      | Reached skill level 1 in Fighting
  5698 | D:6      | Reached skill level 1 in Maces & Flails
  5698 | D:6      | Reached skill level 1 in Armour
  5744 | D:6      | Killed Eustachio
  5744 | D:6      | Reached skill level 1 in Evocations
  5744 | D:6      | Reached XP level 9. HP: 21/47 MP: 0/18
  6095 | D:6      | Noticed Grinder
  6099 | D:6      | Paralysed by Grinder for 3 turns
  6102 | D:6      | Killed Grinder
  6828 | D:7      | Found a staircase to the Ecumenical Temple.
  6836 | D:7      | Noticed Harold
  6852 | D:7      | Killed Harold
  6862 | Temple   | Entered the Ecumenical Temple
  6870 | Temple   | Became a worshipper of Vehumet
  7111 | D:7      | Reached XP level 10. HP: 56/56 MP: 13/19
  7181 | D:7      | Found the +4 robe of Augmentation {Str+4 Int+4 Dex+4}
  7468 | D:8      | Found Igalanew's Armour Boutique.
  8254 | D:8      | Reached * piety under Vehumet
  8254 | D:8      | Offered knowledge of Shock by Vehumet.
  8402 | D:5      | Bought the +2 cloak of Gallantry {Rampage MP+9} for 404
                  | gold pieces
  8920 | D:9      | Noticed a cyclops
  8930 | D:9      | Killed a cyclops
  8930 | D:9      | Reached XP level 11. HP: 46/62 MP: 17/21
  9106 | D:9      | Reached ** piety under Vehumet
  9106 | D:9      | Offered knowledge of Searing Ray by Vehumet.
  9106 | D:9      | Reached skill level 5 in Fighting
  9453 | D:9      | Got a translucent glaive
  9454 | D:9      | Identified the +7 glaive of Busuanea {protect, MR+ SInv}
                  | (You found it on level 9 of the Dungeon)
  9849 | D:10     | Entered Level 10 of the Dungeon
  9861 | D:9      | Reached skill level 5 in Armour
 10072 | D:10     | Noticed a five-headed hydra
 10072 | D:10     | Noticed a wolf spider
 10086 | D:10     | Found a transporter.
 10087 | D:10     | Noticed a deep elf mage
 10087 | D:10     | Noticed an ogre mage
 10102 | D:10     | Noticed a two-headed ogre
 10136 | D:10     | Reached skill level 10 in Earth Magic
 10402 | D:10     | Found a transporter.
 10518 | D:10     | Found a staircase to the Lair.
 10550 | D:10     | Killed a two-headed ogre
 10814 | D:10     | Reached skill level 5 in Maces & Flails
 10945 | D:10     | Offered knowledge of Frozen Ramparts by Vehumet.
 11109 | D:11     | Noticed a manticore
 11165 | D:11     | Noticed a cyclops
 11167 | D:11     | Killed a cyclops
 11170 | D:11     | Reached *** piety under Vehumet
 11182 | D:11     | Killed a manticore
 11300 | D:11     | Found a transporter.
 11333 | D:11     | Reached skill level 5 in Evocations
 11392 | D:11     | Noticed a manticore
 11402 | D:11     | Killed a manticore
 11402 | D:11     | Offered knowledge of Mephitic Cloud by Vehumet.
 11402 | D:11     | Reached XP level 12. HP: 23/70 MP: 9/23
 11893 | D:11     | Found a transporter.
 12033 | D:11     | Reached skill level 5 in Dodging
 12044 | D:11     | Got a fine helmet
 12061 | D:11     | Identified the +1 helmet of Tulips {rElec MP+9 Str+3 Dex-5}
                  | (You found it on level 11 of the Dungeon)
 12444 | D:12     | Noticed a two-headed ogre
 12475 | D:12     | Killed a two-headed ogre
 12505 | D:12     | Reached **** piety under Vehumet
 12731 | D:12     | Offered knowledge of Ignite Poison by Vehumet.
 12810 | D:12     | You fall into a shaft and drop 3 floors!
 12810 | D:15     | Entered Level 15 of the Dungeon
 12837 | D:14     | Noticed a centaur warrior
 12846 | D:14     | Killed a centaur warrior
 13114 | D:13     | Noticed a tengu warrior
 13114 | D:13     | Noticed Maurice
 13114 | D:13     | Noticed a tengu warrior
 13125 | D:13     | Killed a tengu warrior
 13127 | D:13     | Killed a tengu warrior
 13127 | D:13     | Killed Maurice
 13643 | D:12     | Got a masterwork quarterstaff
 13644 | D:12     | Identified the +7 quarterstaff of Ylothruu {vorpal, rPois
                  | MP+9 Str+4 Stlth+} (You found it on level 12 of the
                  | Dungeon)
 13766 | D:12     | Found a staircase to the Orcish Mines.
 14208 | D:13     | Noticed Urug
 14212 | D:13     | Killed Urug
 14212 | D:13     | Reached XP level 13. HP: 74/76 MP: 25/25
 14245 | D:13     | Reached skill level 10 in Conjurations
 14271 | D:13     | Learned a level 5 spell: Fireball
 14482 | D:13     | Reached skill level 1 in Fire Magic
 15376 | D:14     | Reached ***** piety under Vehumet
 15381 | D:14     | Offered knowledge of Starburst by Vehumet.
 15900 | D:13     | Learned a level 6 spell: Starburst
 16410 | D:14     | Found a gate to the Vaults.
 16410 | D:14     | Noticed a vault guard
 16422 | D:14     | Killed a vault guard
 16611 | D:14     | Found Rijof's Assorted Antiques.
 16619 | D:14     | Bought a scroll labeled WIBUACZ EXUINN for 37 gold pieces
 16619 | D:14     | Bought a scroll labeled VIJEPI KOLE for 37 gold pieces
 16636 | D:14     | Acquired 1100 gold pieces
 16638 | D:14     | Bought a runed demon whip for 666 gold pieces
 17191 | D:15     | Reached skill level 5 in Fire Magic
 17191 | D:15     | Gained mutation: Your large and strong wings let you fly
                  | indefinitely. [Gargoyle growth]
 17191 | D:15     | Reached XP level 14. HP: 19/84 MP: 27/27
 17653 | D:15     | Found a staircase to the Depths.
 17867 | D:15     | Gained mutation: You expend magic power (3 MP) to
                  | strengthen your wands. [potion of mutation]
 17867 | D:15     | Gained mutation: You are partially covered in icy blue
                  | scales. (AC +2) [potion of mutation]
 17867 | D:15     | Gained mutation: You are partially covered in yellow
                  | scales. (AC +2) [potion of mutation]
 18775 | D:5      | Bought 2 potions of heal wounds for 120 gold pieces
 18775 | D:5      | Bought a potion of haste for 120 gold pieces
 18775 | D:5      | Bought a potion of haste for 120 gold pieces
 18775 | D:5      | Bought a potion of invisibility for 96 gold pieces
 18829 | D:5      | Bought 2 potions of brilliance for 80 gold pieces
 18829 | D:5      | Bought a potion of haste for 100 gold pieces
 18829 | D:5      | Bought a potion of haste for 100 gold pieces
 18829 | D:5      | Bought a potion of mutation for 80 gold pieces
 19045 | Lair:1   | Entered Level 1 of the Lair of Beasts
 19467 | Lair:1   | Noticed Nergalle
 19481 | Lair:1   | Killed Nergalle
 19865 | Lair:2   | Learned a level 6 spell: Iron Shot
 20257 | Lair:2   | Found a staircase to the Swamp.
 20676 | Lair:2   | Acquired 1860 gold pieces
 20767 | Lair:2   | Found a staircase to the Snake Pit.
 21200 | Lair:3   | Offered knowledge of Hailstorm by Vehumet.
 23155 | Lair:4   | Noticed Snorg
 23160 | Lair:4   | Killed Snorg
 23160 | Lair:4   | Reached XP level 15. HP: 91/91 MP: 28/28
 23844 | Lair:5   | Reached skill level 10 in Spellcasting
 24008 | Lair:5   | Offered knowledge of Freezing Cloud by Vehumet.
 25045 | Lair:6   | Entered Level 6 of the Lair of Beasts
 25054 | Lair:6   | Reached skill level 10 in Fighting
 25430 | Lair:6   | Found a staircase to the Slime Pits.
 25442 | Lair:6   | Noticed nj0rd12's ghost (journeyman GrEE)
 25451 | Lair:6   | Found a transporter.
 25453 | Lair:6   | Found a transporter.
 25680 | Lair:6   | Found a viscous altar of Jiyva.
 26169 | Lair:6   | Reached ****** piety under Vehumet
 26178 | Lair:6   | Offered knowledge of Irradiate by Vehumet.
 26465 | Lair:6   | Found a large runed translucent door.
 26465 | Lair:6   | Found a large runed translucent door.
 26490 | Lair:6   | Reached XP level 16. HP: 37/98 MP: 28/30
 27311 | Lair:6   | Killed nj0rd12's ghost
 27607 | Orc:1    | Entered Level 1 of the Orcish Mines
 27620 | Orc:1    | Noticed Sonja
 27823 | Orc:1    | Killed Sonja
 28169 | Orc:1    | Noticed Erica
 28176 | Orc:1    | Offered knowledge of Conjure Ball Lightning by Vehumet.
 28195 | Orc:1    | Killed Erica
 28452 | Orc:2    | Entered Level 2 of the Orcish Mines
 28452 | Orc:2    | Found a staircase to the Elven Halls.
 28454 | Orc:2    | Found Cyusexy's Antique Armour Shop.
 28455 | Orc:2    | Found Ewkual's Book Emporium.
 28457 | Orc:2    | Found Wiulong's Assorted Antiques.
 28468 | Orc:2    | Found a gate leading to a gauntlet.
 28478 | Gauntlet | Entered a Gauntlet
 28478 | Gauntlet | Found a transporter.
 28478 | Gauntlet | Found a transporter.
 28478 | Gauntlet | Found a transporter.
 28494 | Gauntlet | Found a transporter.
 28498 | Gauntlet | Found a transporter.
 28508 | Gauntlet | Found a transporter.
 28512 | Gauntlet | Found a transporter.
 28522 | Gauntlet | Found a transporter.
 28543 | Gauntlet | Found a transporter.
 28560 | Gauntlet | Found a transporter.
 28564 | Gauntlet | Found a transporter.
 28566 | Gauntlet | Found a runed translucent gate.
 28566 | Gauntlet | Found a runed translucent gate.
 28566 | Gauntlet | Found a runed translucent gate.
 28567 | Gauntlet | Found a large runed translucent door.
 28567 | Gauntlet | Found a large runed translucent door.
 28568 | Gauntlet | Found a large runed translucent door.
 28569 | Gauntlet | Found a large runed translucent door.
 28570 | Gauntlet | Found a large runed translucent door.
 28570 | Gauntlet | Found a large runed translucent door.
 28570 | Gauntlet | Found a runed translucent door.
 28570 | Gauntlet | Found a runed translucent door.
 28571 | Gauntlet | Found a large runed translucent door.
 28572 | Gauntlet | Found a large runed translucent door.
 28574 | Gauntlet | Found a transporter.
 28614 | Gauntlet | Found a large runed translucent door.
 28615 | Gauntlet | Found a large runed translucent door.
 28616 | Gauntlet | Found a large runed translucent door.
 28616 | Gauntlet | Found a large runed translucent door.
 28617 | Gauntlet | Found a large runed translucent door.
 28618 | Gauntlet | Found a large runed translucent door.
 28619 | Gauntlet | Found a large runed translucent door.
 28619 | Gauntlet | Found a large runed translucent door.
 28774 | Gauntlet | Identified the +7 hand axe "Niyb" {flame, Dex+4}
 28774 | Gauntlet | Identified the +2 plate armour "Ponutzox" {Regen+ MP+9
                  | Int+2}
 29007 | Orc:2    | Bought a scroll of identify for 60 gold pieces
 29066 | Orc:2    | Found Gareko's Jewellery Shop.
 29094 | Orc:2    | Found Veozux's General Store.
 29106 | Orc:2    | Bought a potion of haste for 140 gold pieces
 29106 | Orc:2    | Reached skill level 10 in Fire Magic
 29130 | Orc:2    | Found Yzxopp's Jewellery Boutique.
 29333 | Orc:2    | Found Zyasuar's Antique Weapon Shoppe.
 29334 | Orc:2    | Found Okesic's Distillery.
 29339 | Orc:2    | HP: 4/99 [orc priest/divine providence (9)]
 29554 | Orc:2    | Bought a potion of invisibility for 104 gold pieces
 29554 | Orc:2    | Bought 2 potions of curing for 78 gold pieces
 29554 | Orc:2    | Bought a potion of curing for 39 gold pieces
 29554 | Orc:2    | Bought a potion of curing for 39 gold pieces
 29554 | Orc:2    | Bought a potion of haste for 130 gold pieces
 29554 | Orc:2    | Bought a potion of invisibility for 104 gold pieces
 29554 | Orc:2    | Bought a potion of curing for 39 gold pieces
 29554 | Orc:2    | Bought a potion of magic for 104 gold pieces
 29554 | Orc:2    | Bought a potion of might for 52 gold pieces
 29585 | Orc:2    | Found a roughly hewn altar of Beogh.
 29656 | Orc:2    | Reached skill level 10 in Maces & Flails
 29728 | Orc:2    | Noticed Donald
 29735 | Orc:2    | Killed Donald
 30075 | Orc:2    | Found Imoesh's Gadget Shoppe.
 30075 | Orc:2    | Found Edghoc's Jewellery Shop.
 30764 | Snake:1  | Entered Level 1 of the Snake Pit
 32691 | Snake:2  | Found a radiant altar of Vehumet.
 32703 | Snake:2  | Reached XP level 17. HP: 104/104 MP: 15/32
 33073 | Snake:2  | Noticed Kirke
 33084 | Snake:2  | Killed Kirke
 33084 | Snake:2  | Offered knowledge of Ozocubu's Refrigeration by Vehumet.
 33426 | Snake:2  | Found an ancient bone altar of Kikubaaqudgha.
 35257 | Swamp:1  | Entered Level 1 of the Swamp
 35646 | Swamp:1  | Offered knowledge of Ignition by Vehumet.
 35670 | Swamp:1  | Learned a level 8 spell: Ignition
 36535 | Swamp:2  | Reached XP level 18. HP: 69/112 MP: 33/33
 36850 | Swamp:2  | Reached skill level 15 in Earth Magic
 37092 | Swamp:2  | Found a runed translucent door.
 37093 | Swamp:2  | Noticed Zail's ghost (adept HuAr)
 37095 | Swamp:2  | Identified the +5 spear "Hedoipt" {speed, +Inv Str+3}
 37125 | Swamp:2  | Killed Zail's ghost
 37126 | Swamp:2  | Offered knowledge of Lehudib's Crystal Spear by Vehumet.
 37126 | Swamp:2  | Offered knowledge of Shatter by Vehumet.
 37126 | Swamp:2  | Offered knowledge of Chain Lightning by Vehumet.
 37988 | Swamp:3  | Acquired 1700 gold pieces
 38382 | Swamp:4  | Entered Level 4 of the Swamp
 38421 | Swamp:4  | Noticed Aizul
 38434 | Swamp:4  | Killed Aizul
 38457 | Swamp:4  | Noticed Beaer's ghost (journeyman GrFi)
 38774 | Swamp:3  | Upgraded the game from 0.26-a0-606-g3c8f2f65f7 to
                  | 0.26-a0-610-g3e9335bbc7
 38811 | Swamp:4  | Reached skill level 10 in Dodging
 38943 | Swamp:4  | Found a transporter.
 39086 | Swamp:4  | Acquired the +0 pair of boots "Roilit" {*Corrode rN+ Str+3
                  | SInv}
 39204 | Swamp:4  | Found a transporter.
 39232 | Swamp:4  | Killed Beaer's ghost
 39846 | Swamp:4  | Noticed the 27-headed Lernaean hydra
 39852 | Swamp:4  | Killed the 27-headed Lernaean hydra
 39852 | Swamp:4  | Reached XP level 19. HP: 91/118 MP: 35/35
 40122 | Swamp:4  | Got a decaying rune of Zot
 40411 | Snake:4  | Entered Level 4 of the Snake Pit
 40411 | Snake:4  | Identified Roxanne's Volume of Stones
 40411 | Snake:4  | Noticed Roxanne
 40416 | Snake:4  | Killed Roxanne
 41332 | Snake:4  | Found a glowing golden altar of the Shining One.
 41659 | Snake:4  | HP: 5/119 [something (16)]
 42461 | Snake:4  | Got a serpentine rune of Zot
 42854 | Elf:1    | Entered Level 1 of the Elven Halls
 42908 | Elf:1    | Found Ycsooc's Jewellery Shop.
 42981 | Elf:1    | Noticed Azrael
 42987 | Elf:1    | Killed Azrael
 42987 | Elf:1    | Reached XP level 20. HP: 68/125 MP: 20/36
 43936 | Elf:1    | Identified the +4 quarterstaff of Action {protect, rF+}
                  | (You found it on level 1 of the Elven Halls)
 43960 | Elf:1    | Noticed Jorgrun
 43967 | Elf:1    | Killed Jorgrun
 44278 | Elf:1    | Acquired the +2 pair of gloves "Seuc" {Dex+4}
 44296 | Elf:1    | Acquired 1060 gold pieces
 44508 | Elf:2    | Found a ruined gateway.
 44518 | Desolati | Entered the Desolation of Salt
 44531 | Desolati | Learned a level 9 spell: Shatter
 44565 | Desolati | Identified the +10 short sword of Fedhas {holy, Int+3}
 44579 | Desolati | Identified the +1 leather armour of Ekemn {Harm rF+ Dex+2}
                  | (You found it in the Desolation of Salt)
 44609 | Desolati | Identified the ring of Eho Aly {Fire Str+4}
 44621 | Desolati | Identified the cursed +0 dire flail "Hydra's Doom" {vorpal,
                  | rPois} (You found it in the Desolation of Salt)
 44941 | Desolati | Identified the cursed +1 leather armour of Depression
                  | {rPois Int+3 Dex+4} (You found it in the Desolation of
                  | Salt)
 45678 | Elf:2    | Found a runed translucent gate.
 45678 | Elf:2    | Noticed Richi's ghost (journeyman HOFi)
 45679 | Elf:2    | Found a runed translucent gate.
 45679 | Elf:2    | Found a runed translucent gate.
 45729 | Elf:2    | Found a runed translucent gate.
 45729 | Elf:2    | Found a runed translucent gate.
 45729 | Elf:2    | Found a runed translucent gate.
 45910 | Elf:2    | Found the +10 zealot's sword {holy, *Rage rN+ EV+3}
 45958 | Elf:3    | Entered Level 3 of the Elven Halls
 45977 | Elf:3    | Noticed Louise
 45981 | Elf:3    | Killed Louise
 46493 | Elf:3    | Found a radiant altar of Vehumet.
 46696 | Elf:3    | Reached skill level 15 in Fire Magic
 46696 | Elf:3    | Reached XP level 21. HP: 129/131 MP: 37/37
 46697 | Elf:3    | Identified the +10 scythe "Inab Getegi" {pain, rN+}
 46697 | Elf:3    | Identified the +2 robe of the Wheelwright {rElec rPois rC-
                  | MP+9}
 46714 | Elf:3    | Reached skill level 15 in Conjurations
 46857 | Elf:3    | Identified the cursed +0 leather armour of Minor Irritation
                  | {Rampage Int+2 Dex+4} (You found it on level 3 of the Elven
                  | Halls)
 46882 | Elf:3    | Got a fine turquoise ring
 46883 | Elf:3    | Identified the ring "Joluwop" {rF+++ rC- rN++ Stlth-} (You
                  | found it on level 3 of the Elven Halls)
 46923 | Elf:3    | Identified Vewimo's Almanac of Harmful Ice
 47260 | Vaults:1 | Entered Level 1 of the Vaults
 47628 | Vaults:1 | Found Afaysko's Weapon Emporium.
 48530 | Vaults:1 | Found Effiaz's Antique Weapon Shop.
 48829 | Vaults:1 | Found Hipp's General Store.
 48845 | Vaults:1 | Bought a potion of ambrosia for 112 gold pieces
 48845 | Vaults:1 | Bought a scroll of identify for 28 gold pieces
 48845 | Vaults:1 | Bought 2 potions of curing for 84 gold pieces
 48845 | Vaults:1 | Bought 3 scrolls of identify for 84 gold pieces
 48984 | Vaults:1 | Found Qofoxzo's Antique Armour Boutique.
 49135 | Vaults:1 | Reached XP level 22. HP: 102/138 MP: 39/39
 49384 | Vaults:2 | Found a staircase to the Crypt.
 49384 | Vaults:2 | Found Dukioff's Armour Emporium.
 49985 | Vaults:2 | Noticed Xtahua
 49990 | Vaults:2 | Killed Xtahua
 50001 | Vaults:2 | Noticed Jory
 50009 | Vaults:2 | Killed Jory
 50755 | Vaults:2 | Found a large runed translucent door.
 50755 | Vaults:2 | Found a large runed translucent door.
 50755 | Vaults:2 | Noticed MrRokkomies's ghost (adept FeIE)
 50772 | Vaults:2 | Killed MrRokkomies's ghost
 51625 | Vaults:3 | Reached XP level 23. HP: 136/144 MP: 40/40
 53321 | Vaults:4 | Reached skill level 15 in Fighting
 54936 | Vaults:5 | Entered Level 5 of the Vaults
 54938 | Vaults:5 | Reached XP level 24. HP: 151/151 MP: 41/41
 54959 | Vaults:5 | Reached skill level 10 in Evocations
 55468 | Vaults:5 | Reached XP level 25. HP: 134/157 MP: 41/41
 56011 | Vaults:5 | Got a glittering jade ring
 56012 | Vaults:5 | Identified the ring of Hose {rC+ rN+++ Dex-2 SInv} (You
                  | found it on level 5 of the Vaults)
 56059 | Vaults:5 | Identified the +7 long sword "Yquebio" {protect, rElec rN+
                  | Int+7}
 56061 | Vaults:5 | Reached skill level 15 in Maces & Flails
 56083 | Vaults:5 | Noticed an ancient lich
 56089 | Vaults:5 | Killed an ancient lich
 56386 | Vaults:5 | Got a silver rune of Zot
 56566 | Vaults:5 | Identified the Incunabulum of Unstable Fire
 56688 | Vaults:5 | Got an ancient iron amulet
 56689 | Vaults:5 | Identified the amulet of Sif Muna's Regard {Spirit rF+}
                  | (You found it on level 5 of the Vaults)
 57004 | Vaults:5 | Identified the Grimoire of Supportive Transmutation
 57141 | Crypt:1  | Entered Level 1 of the Crypt
 57209 | Crypt:1  | Noticed Boris
 57218 | Crypt:1  | Killed Boris
 57218 | Crypt:1  | Reached skill level 15 in Spellcasting
 59063 | Crypt:3  | Entered Level 3 of the Crypt
 59584 | Crypt:3  | Reached XP level 26. HP: 164/164 MP: 42/42
 59603 | Crypt:3  | Noticed an ancient lich
 59605 | Crypt:3  | Killed an ancient lich
 59607 | Crypt:3  | Found an ancient bone altar of Kikubaaqudgha.
 60172 | Crypt:3  | Found a staircase to the Tomb.
 60586 | Depths:1 | Entered Level 1 of the Depths
 60611 | Depths:1 | Found a gateway to a ziggurat.
 60612 | Depths:1 | Gained mutation: You tend to lose your temper in combat. [a
                  | shining eye]
 60672 | Depths:1 | Learned a level 9 spell: Fire Storm
 60770 | Depths:1 | Identified the +8 great mace "Daon" {freeze, rElec rPois
                  | MP+9 Int-2}
 60806 | Depths:1 | Noticed Asterion
 60811 | Depths:1 | Killed Asterion
 60818 | Depths:1 | Noticed a juggernaut
 60822 | Depths:1 | Killed a juggernaut
 61158 | Depths:1 | Found a one-way gate leading to the halls of Pandemonium.
 61808 | Depths:1 | Found a gateway to Hell.
 62386 | Depths:2 | Learned a level 8 spell: Necromutation
 62528 | Depths:2 | Reached skill level 1 in Transmutations
 63066 | Depths:2 | Paralysed by a great orb of eyes for 3 turns
 63466 | Depths:2 | Reached skill level 1 in Necromancy
 64253 | Depths:3 | Reached XP level 27. HP: 172/172 MP: 42/42
 64292 | Depths:3 | Found a one-way gate to the infinite horrors of the Abyss.
 64732 | Depths:3 | Noticed an ancient lich
 64736 | Depths:3 | Killed an ancient lich
 65420 | Depths:3 | Noticed Frederick
 65424 | Depths:3 | Killed Frederick
 66283 | Depths:4 | Noticed Boris
 66289 | Depths:4 | Killed Boris
 67553 | Depths:4 | Noticed a greater mummy
 67557 | Depths:4 | Killed a greater mummy
 67868 | Depths:5 | Entered Level 5 of the Depths
 67868 | Depths:5 | Found a runed translucent door.
 67938 | Depths:5 | Found a flickering gateway to a bazaar.
 67951 | Bazaar   | Entered a bazaar
 67951 | Bazaar   | Found Exeeclobb's General Store.
 67951 | Bazaar   | Found Pieqaag's Book Shoppe.
 67951 | Bazaar   | Found Velos's Distillery.
 68019 | Bazaar   | Bought a potion of might for 36 gold pieces
 68019 | Bazaar   | Bought a potion of heal wounds for 45 gold pieces
 68019 | Bazaar   | Bought a potion of heal wounds for 45 gold pieces
 68019 | Bazaar   | Bought a potion of ambrosia for 72 gold pieces
 68019 | Bazaar   | Bought 2 potions of ambrosia for 144 gold pieces
 68019 | Bazaar   | Bought a potion of heal wounds for 45 gold pieces
 68019 | Bazaar   | Bought a potion of mutation for 72 gold pieces
 68019 | Bazaar   | Bought a potion of curing for 27 gold pieces
 68019 | Bazaar   | Bought a potion of haste for 90 gold pieces
 68023 | Bazaar   | Bought a scroll of identify for 16 gold pieces
 68023 | Bazaar   | Bought 2 potions of might for 64 gold pieces
 68023 | Bazaar   | Bought a scroll of blinking for 60 gold pieces
 68340 | Depths:5 | Found a gate to the Realm of Zot.
 69712 | Slime:1  | Entered Level 1 of the Pits of Slime
 69863 | Slime:3  | Gained mutation: You occasionally shout uncontrollably at
                  | your foes. [a shining eye]
 69909 | Slime:4  | Noticed Dissolution
 69915 | Slime:4  | Killed Dissolution
 69915 | Slime:4  | Reached skill level 5 in Necromancy
 69915 | Slime:4  | Reached skill level 5 in Transmutations
 70327 | Slime:5  | Entered Level 5 of the Pits of Slime
 70363 | Slime:5  | Noticed the Royal Jelly
 70374 | Slime:5  | Killed the Royal Jelly
 71231 | Slime:5  | Got a slimy rune of Zot
 71641 | Depths:3 | Voluntarily entered the Abyss.
 71678 | Abyss:1  | Found a corrupted altar of Lugonu.
 71954 | Abyss:2  | Found a sparkling altar of Nemelex Xobeh.
 72160 | Abyss:3  | Gained mutation: Your magical capacity is low. (-10% MP) [a
                  | neqoxec]
 72327 | Abyss:3  | Gained mutation: Scrolls take you a little longer to read.
                  | [a neqoxec]
 72343 | Abyss:3  | Gained mutation: You often lose your temper in combat. [a
                  | neqoxec]
 73264 | Abyss:3  | Gained mutation: You are clumsy. (Dex -2) [a neqoxec]
 73265 | Abyss:3  | Gained mutation: You are weak. (Str -2) [a neqoxec]
 73452 | Abyss:4  | Reached skill level 15 in Dodging
 73457 | Abyss:4  | Found a blossoming altar of Fedhas.
 73483 | Abyss:4  | Found a blossoming altar of Fedhas.
 73490 | Abyss:4  | Gained mutation: Scrolls take you longer to read. [a
                  | neqoxec]
 73758 | Abyss:4  | HP: 2/175 [starcursed mass/accursed screaming (9)]
 73799 | Abyss:4  | Gained mutation: You sometimes yell uncontrollably at your
                  | foes. [a cacodemon]
 73800 | Abyss:4  | Gained mutation: Scrolls take you much longer to read. [a
                  | cacodemon]
 73817 | Abyss:4  | Got an abyssal rune of Zot
 73838 | Abyss:4  | Found a corrupted altar of Lugonu.
 73909 | Depths:3 | Escaped the Abyss
 73910 | Depths:3 | Lost mutation: You sometimes yell uncontrollably at your
                  | foes. [potion of mutation]
 73910 | Depths:3 | Lost mutation: You are weak. (Str -2) [potion of mutation]
 73910 | Depths:3 | Lost mutation: You expend magic power (3 MP) to strengthen
                  | your wands. [potion of mutation]
 73910 | Depths:3 | Gained mutation: You have a pair of small horns on your
                  | head. [potion of mutation]
 73911 | Depths:3 | Lost mutation: Scrolls take you much longer to read.
                  | [potion of mutation]
 73911 | Depths:3 | Lost mutation: You have a pair of small horns on your head.
                  | [potion of mutation]
 73911 | Depths:3 | Lost mutation: You are clumsy. (Dex -2) [potion of
                  | mutation]
 73911 | Depths:3 | Lost mutation: Your magical capacity is low. (-10% MP)
                  | [potion of mutation]
 73911 | Depths:3 | Lost mutation: Scrolls take you longer to read. [potion of
                  | mutation]
 73911 | Depths:3 | Lost mutation: Scrolls take you a little longer to read.
                  | [potion of mutation]
 73911 | Depths:3 | Gained mutation: You are partially covered in rugged brown
                  | scales. (AC +1, +3% HP) [potion of mutation]
 74121 | Zig:1    | Entered Level 1 of a ziggurat
 74150 | Zig:2    | Entered Level 2 of a ziggurat
 74279 | Zig:3    | Entered Level 3 of a ziggurat
 74318 | Zig:4    | Entered Level 4 of a ziggurat
 74380 | Zig:5    | Entered Level 5 of a ziggurat
 74385 | Zig:5    | Noticed an ancient lich
 74387 | Zig:5    | Killed an ancient lich
 74409 | Zig:6    | Entered Level 6 of a ziggurat
 74454 | Zig:7    | Entered Level 7 of a ziggurat
 74507 | Zig:7    | Identified the Papyrus of Supportive Poison
 74524 | Zig:8    | Entered Level 8 of a ziggurat
 74789 | Zig:9    | Entered Level 9 of a ziggurat
 74839 | Zig:10   | Entered Level 10 of a ziggurat
 74878 | Zig:11   | Entered Level 11 of a ziggurat
 74887 | Zig:11   | Noticed Eblet the pandemonium lord
 74889 | Zig:11   | Noticed Giaq the pandemonium lord
 74896 | Zig:11   | Killed Giaq the pandemonium lord
 74900 | Zig:11   | Killed Eblet the pandemonium lord
 75048 | Zig:12   | Entered Level 12 of a ziggurat
 75059 | Zig:12   | Found the +2 cloak of the Thief {*Fog Slay-2 SInv Stlth+}
 75059 | Zig:12   | Found the ring of Shadows {Umbra +Inv Stlth+}
 75104 | Zig:13   | Entered Level 13 of a ziggurat
 75139 | Zig:14   | Entered Level 14 of a ziggurat
 75185 | Zig:14   | Identified the Guide on Quantum Flight
 75236 | Zig:15   | Entered Level 15 of a ziggurat
 75253 | Zig:15   | Found the +6 shillelagh "Devastator" {shatter}
 75260 | Zig:15   | Identified the cursed +0 pair of boots "Tedinnyr" {Regen+
                  | Int+4} (You found it on level 15 of a ziggurat)
 75403 | Zig:16   | Entered Level 16 of a ziggurat
 75415 | Zig:16   | Noticed Alitiang the pandemonium lord
 75422 | Zig:16   | Reached skill level 10 in Transmutations
 75424 | Zig:16   | Reached skill level 10 in Necromancy
 75424 | Zig:16   | Killed Alitiang the pandemonium lord
 75643 | Zig:16   | Identified the +7 morningstar of Debt {drain, rPois SInv
                  | Stlth+} (You found it on level 16 of a ziggurat)
 75670 | Zig:17   | Entered Level 17 of a ziggurat
 75676 | Zig:17   | Noticed a juggernaut
 75676 | Zig:17   | Noticed a juggernaut
 75677 | Zig:17   | Noticed a juggernaut
 75679 | Zig:17   | Killed a juggernaut
 75679 | Zig:17   | Noticed a juggernaut
 75679 | Zig:17   | Noticed a juggernaut
 75680 | Zig:17   | Noticed a juggernaut
 75681 | Zig:17   | Killed a juggernaut
 75681 | Zig:17   | Killed a juggernaut
 75682 | Zig:17   | Killed a juggernaut
 75682 | Zig:17   | Killed a juggernaut
 75684 | Zig:17   | Killed a juggernaut
 75698 | Zig:17   | Identified the +1 robe of Panentheism {Int+3} (You found it
                  | on level 17 of a ziggurat)
 75729 | Zig:18   | Entered Level 18 of a ziggurat
 75774 | Zig:18   | Identified the Handbook of Shape Shifting
 75791 | Zig:18   | Got a wavering lead amulet
 75792 | Zig:18   | Identified the amulet "Ypniuto" {Reflect rPois rN+ SH+5}
                  | (You found it on level 18 of a ziggurat)
 75837 | Zig:19   | Entered Level 19 of a ziggurat
 75848 | Zig:19   | Noticed Goikhani the pandemonium lord
 75848 | Zig:19   | Noticed Bucvaote the pandemonium lord
 75848 | Zig:19   | Noticed Okhlios the pandemonium lord
 75848 | Zig:19   | Noticed Kofytwua the pandemonium lord
 75849 | Zig:19   | Noticed Guycsec the pandemonium lord
 75849 | Zig:19   | Noticed Tosathroridd the pandemonium lord
 75850 | Zig:19   | Noticed Vaklaud the pandemonium lord
 75851 | Zig:19   | Noticed Tibeoxko the pandemonium lord
 75851 | Zig:19   | Noticed Gueloel the pandemonium lord
 75851 | Zig:19   | Killed Bucvaote the pandemonium lord
 75851 | Zig:19   | Noticed Heheopt the pandemonium lord
 75851 | Zig:19   | Noticed Poph the pandemonium lord
 75851 | Zig:19   | Noticed Ohes the pandemonium lord
 75852 | Zig:19   | Noticed Dezytt the pandemonium lord
 75860 | Zig:19   | Demolished by Goikhani the pandemonium lord

Illustrated notes

Levels and vault maps discovered:
D:1:      evilmike_arrival_hilbert_curve, layout_basic, st_stairs_11
D:2:      layout_rooms
D:3:      layout_loops_cross, kiku_gazebo_pond_becter,
          chequers_serial_rivers_micro_d
D:4:      layout_rooms
D:5:      layout_rooms, serial_shops, shop, kennysheep_mini_moat, shop,
          nicolae_shop_temple_entry_statues_fountains, nicolae_shop_crystal,
          uniq_menkaure
D:6:      layout_loops_cross, gammafunk_ghost_split, minmay_misc_feat_doors,
          sword_in_stone, uniq_grinder
D:7:      layout_rooms, minmay_temple_entry_grid, worms_lemuel, uniq_harold
D:8:      layout_loops_ring, serial_shops, nicolae_shop_stone, fountainhead
D:9:      minmay_tri_box, layout_loops_ring
D:10:     gammafunk_sealed_arena, layout_irregular_city, dpeg_oklobed_lair
D:11:     gammafunk_cloud_chamber, layout_rooms, nrook_campfire
D:12:     layout_long_grid, minmay_orc_entry_guard_dogs, minivault_16
D:13:     layout_basic, uniq_maurice, uniq_urug
D:14:     layout_long_grid, david_vaults_5, serial_rivers,
          chequers_serial_rivers_marsh, chequers_serial_rivers_small_b,
          chequers_serial_rivers_micro_b, chequers_serial_rivers_marsh,
          chequers_serial_rivers_micro_d, serial_shops, shop,
          eino_house_with_fridge
D:15:     gammafunk_depths_entry_grave, layout_basic,
          hangedman_abyss_or_decor_lesser_grid
Temple:   nicolae_temple_the_god_donut
Lair:1:   layout_cave_shapes, grunt_megastairs_2, lemuel_fruit_tree,
          uniq_nergalle
Lair:2:   layout_regular_city, nicolae_swamp_entry_splash_gauntlet,
          dummy_snake_entry
Lair:3:   layout_chaotic_city, grunt_forest_stairs_clearing,
          infiniplex_staircase_pool, grunt_megastairs_1
Lair:4:   layout_regular_city, uniq_snorg
Lair:5:   layout_gridlike, minivault_29
Lair:6:   cheibrodos_lair_end_hotspot, layout_regular_city, slime_altar_1,
          gammafunk_ghost_hive, minmay_lair_oklob_chamber
Swamp:1:  layout_falls_marsh, nicolae_swamp_treefoil
Swamp:2:  layout_falls_marsh, ebering_ghost_funeral_grove,
          nicolae_swamp_rocky_clearing, roderic_carrion_pond
Swamp:3:  layout_falls_marsh, nicolae_swamp_stair_fork
Swamp:4:  grunt_swamp_rune_castle, layout_basic_swamp,
          gammafunk_ghost_mausoleum, uniq_aizul
Snake:1:  layout_layer_cave
Snake:2:  layout_gridlike, hangedman_feature_mirror, grunt_ministairs_5,
          uniq_kirke
Snake:3:  layout_cave_town, nicolae_snake_salamander_stairs
Snake:4:  grunt_snake_rune_pools, layout_onion_interference, basic_altar,
          uniq_roxanne
Slime:1:  layout_caves
Slime:2:  layout_caves
Slime:3:  layout_caves
Slime:4:  layout_caves, cheibrodos_slime_lost_civilization_5, uniq_dissolution
Slime:5
Orc:1:    layout_caves, uniq_erica, uniq_sonja
Orc:2:    st_orc_town, layout_diamond_mine, serial_shops, shop, shop, shop,
          nicolae_shop_crystal, shop, gauntlet_entry_generic,
          minmay_shop_enchanted_jewellery, uniq_donald
Elf:1:    elf_arrival_002, layout_loops_corners, serial_shops, shop,
          hangedman_corner_corridor, uniq_azrael, uniq_jorgrun
Elf:2:    layout_loops_ring, portal_desolation_entry_garden,
          ebering_ghost_rock_garden, minivault_26
Elf:3:    minmay_elf_hall_not_hex, layout_geoelf_octagon, basic_altar,
          uniq_louise
Vaults:1: nicolae_vaults_triangles, hangedman_vaults_nails, v_misc_11,
          nicolae_vaults_asterisk, hangedman_vaults_hat, vaults_room_door_ring,
          vaults_dpeg_diagonal, v_rooms_4, v_rooms_1, nicolae_vaults_asterisk,
          dpeg_vaults_waves, nicolae_vaults_circle_grid_b,
          ontoclasm_vaults_bender, layout_vaults_maze, serial_shops, shop,
          nicolae_shop_crystal, shop, nicolae_shop_window_shopping
Vaults:2: advil_vaults_ghost_guards, hangedman_vaults_river_flow, v_misc_2,
          vaults_mumra_chevron, nicolae_vaults_inception_scallops,
          ontoclasm_vaults_misaligned, kb_rosetta,
          nicolae_vaults_little_squares_4, ontoclasm_vaults_gateway,
          nicolae_vaults_rhombus_5, layout_vaults_ring, dummy_crypt_entry,
          serial_shops, nicolae_shop_crystal, uniq_xtahua, uniq_jory
Vaults:3: ontoclasm_vaults_claustrophobia, v_misc_26, v_pattern_4,
          nicolae_vaults_little_squares_4, v_misc_13, st_hourglassy,
          nicolae_vaults_ring_of_whatevers, dpeg_vaults_monster_box,
          nicolae_vaults_sealed_display, grunt_vaults_funnel,
          layout_vaults_omnigrid
Vaults:4: nicolae_vaults_arrows, hangedman_vaults_pinch,
          nicolae_vaults_little_squares_2, hangedman_vaults_trim, v_misc_18,
          grunt_vaults_swirl, ontoclasm_vaults_twist, vaults_mumra_hex,
          hangedman_vaults_impose, vaults_room_pools, layout_vaults_omnibox
Vaults:5
Crypt:1:  layout_chaotic_city, grunt_crypt_arrival_webbed, uniq_boris
Crypt:2:  layout_catacombs, nicolae_crypt_ancient_font
Crypt:3:  cryptofortress_bobbens
Depths:1: layout_cave_pools, enter_ziggurat_c, chequers_serial_rivers_micro_d,
          grunt_hell_entry_dis_grunt, pan_entry, st_stairs_12,
          minmay_checkered_concentric_circles, serial_bayou_shore_b,
          uniq_asterion
Depths:2: kennysheep_water_balloons, layout_cave_pools, hellmouth_1,
          kennysheep_another_room, grunt_ministairs_13, minmay_misc_feat_rows,
          minmay_misc_feat_plants, kennysheep_big_empty_room,
          minmay_misc_feat_hallway, infiniplex_staircase_trident
Depths:3: hangedman_cross_cluster, layout_honeycomb, rand_demon_pan_entry_4,
          grunt_mini_vestibule, abyss_entry, uniq_frederick
Depths:4: lemuel_minitomb, layout_twisted_cross, hell_entry, abyss_entry,
          rand_demon_pan_entry_9, grunt_decor_clamped,
          hangedman_decor_clover_reticule, minmay_staircase_statues
Depths:5: grunt_zot_entry_bicorn, layout_gridville, hangedman_glass_teeth,
          serial_shops, bzr_entry_lakeside, hell_entry, pan_entry,
          serial_bayou_ford_a, minmay_acid_items
Zig:19

Skill      XL: |  1  2  3  4  5  6  7  8  9 10 11 12 13 14 15 16 17 18 19 20 21 22 23 24 25 26 27 |
---------------+----------------------------------------------------------------------------------+-----
Earth Magic    | 4 5 6 7 8 9 10 11 12 13 14 15 16 18 19 20 21 22 | 22.0
Conjurations   | 1 2 3 5 6 7 8 9 10 11 12 13 14 15 16 17 18 21 | 21.7
Spellcasting   | 3 4 5 6 7 8 9 10 11 12 13 14 15 18 | 18.9
Fighting       | 1 3 4 6 7 8 9 10 11 12 13 14 15 16 17 21 | 21.1
Maces & Flails | 1 3 4 5 6 7 8 9 10 11 12 13 14 15 16 | 16.0
Armour         | 1 3 4 6 |  6.0
Dodging        | 2 3 4 5 6 7 8 9 10 11 12 13 15 | 15.0
Evocations     | 1 2 4 5 6 7 8 9 10 | 10.0
Fire Magic     | 5 7 9 11 12 13 14 15 16 17 18 19 20 22 | 22.0
Transmutations | 1 10 | 10.0
Necromancy     | 1 12 | 12.1
Stealth        | |  2.1

Action                   |  1- 3 |  4- 6 |  7- 9 | 10-12 | 13-15 | 16-18 | 19-21 | 22-24 | 25-27 || total
-------------------------+-------+-------+-------+-------+-------+-------+-------+-------+-------++-------
Melee: Unarmed           |     6 |       |       |       |       |       |       |       |       ||     6
       Club              |    95 |    41 |       |       |       |       |       |       |       ||   136
       Short sword       |       |    83 |   175 |   143 |       |       |       |       |       ||   401
       Dagger            |       |       |    10 |       |       |       |       |       |       ||    10
       Glaive            |       |       |       |   194 |       |       |       |       |       ||   194
       Quarterstaff      |       |       |       |    29 |   738 |   442 |   396 |   305 |   818 ||  2728
Throw: Throwing net      |       |       |       |       |       |       |     1 |       |       ||     1
 Cast: Sandblast         |    43 |    50 |    93 |   119 |     9 |       |     2 |       |       ||   316
       Stone Arrow       |       |       |     4 |    27 |    55 |       |       |       |       ||    86
       Lee's Rapid Decon |       |       |    10 |    72 |    97 |    77 |    45 |    17 |    30 ||   348
       Starburst         |       |       |       |       |    34 |    22 |       |       |     1 ||    57
       Fireball          |       |       |       |       |    17 |    63 |     7 |       |       ||    87
       Iron Shot         |       |       |       |       |    72 |   298 |   128 |    73 |   261 ||   832
       Ignition          |       |       |       |       |       |    27 |    62 |    44 |    87 ||   220
       Shatter           |       |       |       |       |       |       |    10 |    61 |   261 ||   332
       Fire Storm        |       |       |       |       |       |       |       |       |    82 ||    82
 Abil: Fly               |       |       |       |       |     1 |       |       |       |       ||     1
Evoke: Wand              |       |       |       |    14 |       |     2 |       |       |     6 ||    22
       Phantom mirror    |       |       |       |     1 |       |       |       |       |       ||     1
       Tin of tremorston |       |       |       |       |     1 |       |       |       |     1 ||     2
       Box of beasts     |       |       |       |       |       |       |     2 |       |     1 ||     3
       Condenser vane    |       |       |       |       |       |       |     1 |       |     6 ||     7
  Use: Scroll            |       |    10 |     7 |     7 |    21 |    16 |    15 |     1 |    35 ||   112
       Potion            |       |       |    10 |     2 |     3 |     7 |    13 |     3 |    46 ||    84
 Stab: Sleeping          |       |     2 |     2 |     8 |    10 |     4 |     6 |     2 |     2 ||    36
       Distracted        |       |     1 |       |     2 |       |     3 |     1 |     2 |     3 ||    12
Armor: Robe              |    74 |    76 |    88 |   369 |   562 |   429 |   255 |   190 |   781 ||  2824
       Skin              |       |       |    35 |       |       |       |       |       |       ||    35
Dodge: Dodged            |   115 |   110 |   146 |   492 |   752 |   555 |   369 |   358 |  1197 ||  4094

Table legend: (Time is in decaauts)
 A = Elapsed time spent in this place.
 B = Non-inter-level travel time spent in this place.
 C = Inter-level travel time spent in this place.
 D = Time resting spent in this place.
 E = Time spent auto-exploring this place.
 F = Levels seen in this place.
 G = Mean time per level.
                   A        B        C        D        E       F      G
               +--------+--------+--------+--------+--------+-----+--------+
         Total |  76053 |  70500 |   5553 |  19689 |  35406 |  79 |  962.7 |
       Dungeon |  20587 |  18329 |   2258 |   5824 |   8648 |  15 | 1372.5 |
        Temple |    247 |    247 |      0 |    232 |      0 |   1 |  247.0 |
          Lair |   9071 |   8185 |    886 |   1434 |   5324 |   6 | 1511.8 |
         Swamp |   5015 |   4788 |    227 |   1227 |   2674 |   4 | 1253.8 |
     Snake Pit |   6774 |   6392 |    382 |   1856 |   3628 |   4 | 1693.5 |
    Slime Pits |   1608 |   1548 |     60 |   1136 |      0 |   5 |  321.6 |
  Orcish Mines |   2287 |   2162 |    125 |    543 |    920 |   2 | 1143.5 |
   Elven Halls |   3680 |   3530 |    150 |    869 |   1989 |   3 | 1226.7 |
        Vaults |   9927 |   9221 |    706 |   2076 |   5428 |   5 | 1985.4 |
         Crypt |   3440 |   3097 |    343 |    316 |   1946 |   3 | 1146.7 |
        Depths |   8299 |   7885 |    414 |   2502 |   4040 |   5 | 1659.8 |
         Abyss |   2226 |   2226 |      0 |    443 |    496 |   4 |  556.5 |
      Ziggurat |   1725 |   1725 |      0 |    793 |     30 |  19 |   90.8 |
        Bazaar |     86 |     86 |      0 |      0 |     59 |   1 |   86.0 |
    Desolation |    573 |    573 |      0 |    227 |     69 |   1 |  573.0 |
      Gauntlet |    502 |    502 |      0 |    209 |    153 |   1 |  502.0 |
               +--------+--------+--------+--------+--------+-----+--------+

Top non-repeatable levels by time:
    D:14: 2834 daAuts
Vaults:4: 2746 daAuts
  Lair:6: 2477 daAuts
Depths:2: 2267 daAuts
Vaults:1: 2248 daAuts
 Snake:1: 2209 daAuts
Depths:3: 2105 daAuts
Vaults:3: 2082 daAuts
    D:12: 1959 daAuts
 Snake:4: 1920 daAuts
    D:13: 1736 daAuts
  Lair:4: 1708 daAuts
Vaults:2: 1707 daAuts
   Elf:1: 1661 daAuts
  Lair:2: 1596 daAuts
